 Dungeon Crawl Stone Soup version 0.28-a0-1033-g1a2f33fa85 (webtiles) character file.

Game seed: 15080131190762122231

50 ytrimaz the Ducker (level 3, -7/17 HPs)
             Began as a Felid Chaos Knight on Dec 7, 2021.
             Was a Plaything of Xom.
             Mangled by Grinder (9 damage)
             ... on level 3 of the Dungeon.
             The game lasted 00:03:25 (2663 turns).

ytrimaz the Ducker (Felid Chaos Knight)             Turns: 2663, Time: 00:03:26

Health: -7/17      AC:  3    Str:  5 (8)  XL:     3   Next: 55%
Magic:  4/4        EV: 18    Int: 14 (15) God:    Xom [..*...]
Gold:   118        SH:  0    Dex: 13 (15) Spells: 2/2 levels left
                                        Lives:  0   Deaths: 0

rFire   . . .      SeeInvis +     - Unarmed
rCold   . . .      Faith    .   (shield unavailable)
rNeg    . . .      Spirit   .   (armour unavailable)
rPois   .          Reflect  .   (helmet unavailable)
rElec   .          Harm     .   (cloak unavailable)
rCorr   .          Rampage  .   (gloves unavailable)
Will    .....                   (boots unavailable)
Stlth   +.........              (no amulet)
HPRegen 0.05/turn               (no ring)
MPRegen 0.09/turn               (no ring)

@: quick
A: very small, claws 1, fangs 3, see invisible, speed 1, shaggy fur 1, stealthy
paws, no weapons or thrown items, no armour, multi-lived, iridescent scales 1,
wild magic 1
a: Renounce Religion


You were on level 3 of the Dungeon.
You worshipped Xom.
You were a toy of Xom.
You visited 1 branch of the dungeon, and saw 3 of its levels.

You collected 118 gold pieces.

Inventory:

Scrolls
 b - a scroll of holy word {unknown}
 e - a scroll of magic mapping
Potions
 a - 2 potions of curing
 c - a potion of brilliance {unknown}


   Skills:
 + Level 3.3 Fighting
 * Level 4.2 Dodging
 + Level 3.8 Unarmed Combat


You had 2 spell levels left.
You didn't know any spells.
Your spell library was empty.

Dungeon Overview and Level Annotations

Branches:
Dungeon (3/15)

Altars:

Shops:
D:2 (

Annotations:
D:3 Grinder


Innate Abilities, Weirdness & Mutations

You have sharp claws.
You have razor-sharp teeth.
You have supernaturally acute eyesight. (SInv)
You cover ground quickly. (Speed+)
You are covered in fur. (AC +1)
Your paws help you pounce on unaware monsters.
You are incapable of wielding weapons or throwing items.
You cannot wear armour.
You gain extra lives every three experience levels.
You are partially covered in iridescent scales. (AC +2)
Your spells are a little harder to cast, but a little more powerful.


Message History

Found a stone staircase leading up.
No target in view!
Grinder comes into view.
Grinder shouts!
Grinder is nearby!
Grinder is nearby!
You completely miss Grinder. Grinder hits you.
You writhe in agony.
You scratch Grinder.
Grinder is lightly wounded.
Grinder hits you but does no damage.
You scratch Grinder but do no damage.
Grinder is lightly wounded.
Xom smirks.
You detect items!
Grinder gestures at you.
You barely resist. You scratch Grinder but do no damage. You bite Grinder.
Grinder is lightly wounded. "See what I see, my child!"
You detect nothing.
Grinder hits you!
* * * LOW HITPOINT WARNING * * *
You scratch Grinder but do no damage.
Grinder is lightly wounded.
Grinder closely misses you.
You scratch Grinder but do no damage.
Grinder is lightly wounded.
Grinder barely misses you.
Unknown command.
You scratch Grinder.
Grinder is lightly wounded.
Grinder closely misses you.
You scratch Grinder.
Grinder is moderately wounded.
Grinder misses you.
You scratch Grinder.
Grinder is moderately wounded.
Grinder hits you!
Ouch! That really hurt!
You die...
Xom giggles madly!

#.......<####.####
#.##.###.# #.#
#.##.# #.# #.#
#.##.# #.# ##'##
#.##.# .###...##
#.##.# .##.....##
#.#..###.#.......##
#.................#
#.@<........>.....'
##.5.####.........#
##..# #.........##
#.# #.##.....## .#
#. ##...## .# ≈
##+## # ∆


You could see Grinder.

Vanquished Creatures
  2 worms (D:2)
  An orc (D:3)
  4 bats
  5 endoplasms
  5 goblins
  7 hobgoblins
  3 jackals (D:1)
  2 ball pythons (D:1)
  3 frilled lizards (D:2)
  5 kobolds
  3 rats
40 creatures vanquished.

Vanquished Creatures (others)
  A plant (D:2)
  A withered plant (D:2)
2 creatures vanquished.

Grand Total: 42 creatures vanquished

Notes
Turn   | Place    | Note
-------+----------+-------------------------------------------
     0 | D:1      | ytrimaz the Felid Chaos Knight began the quest for the Orb.
     0 | D:1      | Reached XP level 1. HP: 10/10 MP: 2/2
    49 | D:1      | XOM: silly message
   151 | D:1      | XOM: divination: detect items
   433 | D:1      | Reached XP level 2. HP: 14/14 MP: 3/3
   445 | D:1      | Gained mutation: You are partially covered in iridescent
                  | scales. (AC +2) [potion of mutation]
   445 | D:1      | Gained mutation: Your spells are a little harder to cast,
                  | but a little more powerful. [potion of mutation]
  1069 | D:1      | XOM: divination: detect items
  1393 | D:2      | Found a faded altar of an unknown god.
  1485 | D:2      | Reached skill level 4 in Dodging
  1534 | D:2      | XOM: silly message
  1692 | D:2      | Found Apeogo's Weapon Shop.
  1713 | D:2      | Reached XP level 3. HP: 17/17 MP: 4/4
  2087 | D:2      | Upgraded the game from 0.28-a0-1002-gf00fe891ef to
                  | 0.28-a0-1033-g1a2f33fa85
  2367 | D:3      | XOM: smoke on damage
  2651 | D:3      | Noticed Grinder
  2657 | D:3      | XOM: divination: detect items
  2658 | D:3      | XOM: divination: detect items
  2663 | D:3      | Mangled by Grinder

Illustrated notes

Levels and vault maps discovered:
D:1:      sevenhm_arrival_forest_fort_large_4, layout_basic
D:2:      layout_loops_ring, serial_shops, nicolae_square_shop,
          shapermc_ecumenical_altar_flowoftime
D:3:      layout_loops_corners, trog_butcher_becter, gup_sewer_entry_pipe,
          minmay_misc_feat_cross, uniq_grinder

Skill      XL: |  1  2 |
---------------+-------+-----
Dodging        | 4 |  4.2
Fighting       | |  3.3
Unarmed Combat | |  3.8

Action                   || total
-------------------------++-------
Melee: Unarmed           ||   128
       Bite              ||    10
       Punch             ||     1
  Use: Scroll            ||     4
       Potion            ||     3
 Stab: Sleeping          ||     3
Armor: Skin              ||    14
Dodge: Dodged            ||    97

Table legend: (Time is in decaauts)
 A = Elapsed time spent in this place.
 B = Non-inter-level travel time spent in this place.
 C = Inter-level travel time spent in this place.
 D = Time resting spent in this place.
 E = Time spent auto-exploring this place.
 F = Levels seen in this place.
 G = Mean time per level.
                   A        B        C        D        E       F      G
               +--------+--------+--------+--------+--------+-----+--------+
         Total |   2283 |   2228 |     55 |    275 |   1612 |   3 |  761.0 |
       Dungeon |   2283 |   2228 |     55 |    275 |   1612 |   3 |  761.0 |
               +--------+--------+--------+--------+--------+-----+--------+

Top non-repeatable levels by time:
     D:1: 1007 daAuts
     D:2: 790 daAuts
     D:3: 485 daAuts
